AoeStats
← No_English

Nomad

510367554Analyzed
2v2 RM · 2d ago on Sep 30, 2026· 40m 6s· 4 players
Game mode
Random Map
Map size
176×176
Population
200
Speed
Normal
Resources
Standard
Victory
Conquest
Starting age
Dark Age
Ending age
Imperial Age
RankedLock teamsTeams togetherTeam positionsShared explorationLock speedFull tech treeHidden civsTurbo modeCheats
Victory
Defeat
🇨🇦 Persians · Canada
1361
+17
🇹🇼 Japanese · Taiwan
1353
+17
🇨🇭 Georgians · Switzerland
1390
-17
🇨🇭 Varangians · Switzerland
1382
-17
No_English
5:06 Loom
13:42 Feudal Age
17:47 Castle Age
15:48 Double-Bit Axe
16:17 Stone Mining
16:31 Gold Mining
17:02 Fletching
19:02 Wheelbarrow
19:38 Bow Saw
19:17 Town Watch
22:17 Scale Mail Armor
25:23 Hand Cart
24:54 Horse Collar
27:22 Forging
28:32 Heavy Plow
29:42 Chain Mail Armor
30:00 Bodkin Arrow
35:04 Imperial Age
34:33 Gold Shaft Mining
34:53 Squires
35:57 Yasama
35:20 Pikeman
36:23 Ballistics
37:32 Two-Man Saw
37:08 Conscription
36:24 Halberdier
37:48 Iron Casting
38:12 Plate Mail Armor
37:50 Gambesons
40:32 Blast Furnace
39:32 Arrowslits
39:37 Guard Tower
40:22 Kataparuto
Jaha
5:21 Loom
11:14 Feudal Age
11:47 Town Watch
12:01 Double-Bit Axe
17:34 Forging
22:53 Fletching
27:30 Castle Age
25:33 Man-at-Arms
26:45 Horse Collar
28:10 Medium Warships
27:26 Long Swordsman
27:55 Arson
28:58 Wheelbarrow
28:36 Squires
29:40 Pikeman
36:56 Scale Mail Armor
40:43 Chain Mail Armor
orpiq
3:31 Loom
14:16 Feudal Age
18:55 Castle Age
17:45 Forging
18:35 Fishing Lines
20:00 Medium Warships
22:01 Iron Casting
22:53 Gillnets
24:35 Double-Bit Axe
24:32 Horse Collar
27:33 Bloodlines
27:23 Husbandry
33:09 Imperial Age
31:17 Wheelbarrow
30:29 Town Watch
30:57 Stone Mining
31:20 Bow Saw
31:59 Gold Mining
32:44 Scale Barding Armor
33:40 Stone Shaft Mining
33:56 Chain Barding Armor
33:23 Cavalier
35:50 Plate Barding Armor
36:30 Heavy Plow
36:15 Vendel Legacy
37:22 Conscription
39:36 Scale Mail Armor
41:06 Chemistry
Beisser
4:34 Loom
13:52 Feudal Age
15:27 Double-Bit Axe
19:34 Castle Age
20:33 Medium Warships
22:31 Bow Saw
22:42 Horse Collar
24:41 Wheelbarrow
31:33 Hand Cart
32:18 Hand Cart
37:44 Imperial Age
36:01 Svan Towers
37:28 Guard Tower
37:55 Masonry
40:08 Fletching
Connection lost

Rejoining the realm…

Still unreachable

The connection could not be restored.

Session expired

The server has moved on; the page needs a fresh start.